 Dungeon Crawl Stone Soup version 0.28-a0-909-g796cbd3a86 (webtiles) character file.

Game seed: 2328425902962802363

126 bjtr the Vexing (level 5, -1/38 HPs)
             Began as a Formicid Arcane Marksman on Nov 25, 2021.
             Killed from afar by Ijyb (10 damage)
             ... with a puff of flame
             ... on level 3 of the Dungeon.
             The game lasted 00:16:22 (3362 turns).

bjtr the Vexing (Formicid Arcane Marksman)          Turns: 3362, Time: 00:16:22

Health: -1/38      AC:  5    Str: 15    XL:     5   Next: 31%
Magic:  6/8        EV: 10    Int: 12    God:
Gold:   55         SH:  0    Dex: 12    Spells: 7/8 levels left

rFire   . . .      SeeInvis +   a - +0 hand crossbow
rCold   . . .      Faith    .   (no shield)
rNeg    . . .      Spirit   .   j - +0 ring mail
rPois   .          Reflect  .   (helmet unavailable)
rElec   .          Harm     .   m - scarf {repulsion}
rCorr   .          Rampage  .   (no gloves)
Will    .....                   (no boots)
Stlth   +.........              (no amulet)
HPRegen 0.12/turn               s - ring of flight
MPRegen 0.11/turn               (no ring)

@: flying, repel missiles
A: permanent stasis, dig shafts and tunnels, antennae 3, four strong arms
a: Dig, Shaft Self


You were on level 3 of the Dungeon.
You visited 1 branch of the dungeon, and saw 3 of its levels.

You collected 55 gold pieces.

Inventory:

Hand Weapons
 a - a +0 hand crossbow (weapon)
 b - a +0 falchion
Missiles
 e - 101 stones
 q - 18 sling bullets
Armour
 d - a +0 robe
 j - a +0 ring mail (worn)
 m - a scarf of repulsion (worn)
 w - a +0 kite shield
Magical Staves
 p - a staff of death
Jewellery
 s - a ring of flight (left hand)
Scrolls
 n - a scroll of identify {unknown}
 o - a scroll of enchant weapon {unknown}
Potions
 f - 3 potions of might {unknown}
 g - 2 potions of curing {unknown}
 h - 2 potions of heal wounds {unknown}
 i - 2 potions of invisibility {unknown}
 k - a potion of haste {unknown}
 l - a potion of lignification {unknown}
 r - a potion of attraction {unknown}
 t - a potion of berserk rage {unknown}
 u - a potion of cancellation {unknown}
 v - a potion of brilliance {unknown}


   Skills:
 + Level 1.7 Fighting
 * Level 3.1 Crossbows
 - Level 1.7 Dodging
 + Level 2.3 Spellcasting
 + Level 5.2 Hexes


You had 7 spell levels left.
You knew the following spells:

 Your Spells              Type           Power      Damage    Failure   Level
a - Slow                  Hex            52%        N/A       6%          1

Your spell library contained the following spells:

 Spells                   Type           Power      Damage    Failure   Level
 Inner Flame              Hex/Fire       7%         N/A       47%         3
 Portal Projectile        Hex/Tloc       14%        N/A       47%         3
 Cause Fear               Hex            6%         N/A       52%         4


Dungeon Overview and Level Annotations

Branches:
Dungeon (3/15)

Altars:
Zin

Shops:
D:1 ?

Annotations:
D:3 Ijyb


Innate Abilities, Weirdness & Mutations

You cannot be hasted, slowed, berserked, paralysed or teleported.
You can dig through walls and to a lower floor.
You have a pair of large antennae on your head. (SInv)
Your four strong arms can wield two-handed weapons with a shield.


Message History

Aim: Ijyb, wielding a +0 club, wearing a +0 leather armour and carrying a wand of flame (17) (heavily wounded, slow, chance to affect: 58%) Ijyb seems to slow down.
Fire: 7 bolts
Press: ? - help, Q - select action, (/) - cycle Shift-Dir - straight line, f/p - Ijyb
Aim: Ijyb, wielding a +0 club, wearing a +0 leather armour and carrying a wand of flame (17) (heavily wounded, slow, 55% to hit)
You shoot a bolt. The bolt barely misses Ijyb.
Fire: 6 bolts
Press: ? - help, Q - select action, (/) - cycle Shift-Dir - straight line, f/p - Ijyb
Aim: Ijyb, wielding a +0 club, wearing a +0 leather armour and carrying a wand of flame (17) (heavily wounded, slow, 55% to hit)
You shoot a bolt. The bolt closely misses Ijyb.
Fire: 5 bolts
Press: ? - help, Q - select action, (/) - cycle Shift-Dir - straight line, f/p - Ijyb
Aim: Ijyb, wielding a +0 club, wearing a +0 leather armour and carrying a wand of flame (17) (heavily wounded, slow, 55% to hit)
You shoot a bolt. The bolt hits Ijyb.
Ijyb is severely wounded.
Fire: 4 bolts
Press: ? - help, Q - select action, (/) - cycle Shift-Dir - straight line, f/p - Ijyb
Aim: Ijyb, wielding a +0 club, wearing a +0 leather armour and carrying a wand of flame (17) (severely wounded, slow, 55% to hit)
You shoot a bolt. The bolt misses Ijyb.
Fire: 3 bolts
Press: ? - help, Q - select action, (/) - cycle Shift-Dir - straight line, f/p - Ijyb
Aim: Ijyb, wielding a +0 club, wearing a +0 leather armour and carrying a wand of flame (17) (severely wounded, slow, 55% to hit)
You shoot a bolt. The bolt hits Ijyb.
Ijyb is severely wounded.
Fire: 2 bolts
Press: ? - help, Q - select action, (/) - cycle Shift-Dir - straight line, f/p - Ijyb
Aim: Ijyb, wielding a +0 club, wearing a +0 leather armour and carrying a wand of flame (17) (severely wounded, slow, 55% to hit)
You shoot a bolt. The bolt hits Ijyb but does no damage.
Ijyb is severely wounded.
Ijyb hits you with a +0 club.
* * * LOW HITPOINT WARNING * * *
Fire: bolt
Press: ? - help, Q - select action, (/) - cycle Shift-Dir - straight line, f/p - Ijyb
Aim: Ijyb, wielding a +0 club, wearing a +0 leather armour and carrying a wand of flame (17) (severely wounded, slow, 55% to hit)
You shoot a bolt. The bolt hits Ijyb but does no damage.
Ijyb is severely wounded.
Ijyb hits you but does no damage.
Unknown command.
Ijyb zaps a wand.
The puff of flame hits you!
You die...

#)##.### #.#........#
...#...###>########<#
#'####..##.# #.#
...#.##.##.# #.#
...'..#.# #.#
...#.##.# #.#
#+####..# #.# #...##
#####.# # ##.#.# #
#.@...# ###..#.#
#.####.#####
....##.###.#...g######
######.##......(.....#
# #.##.##....####.# .
... ##...# . #.# #...#
#.####### .# ..# #...#
#....... ..## #.#
#..(# #.#.#####.†


You could see Ijyb (slow).

Vanquished Creatures
  A hound zombie (D:3)
  A hound skeleton (D:3)
  A howler monkey skeleton (D:3)
  2 adders
  3 worms
  3 dart slugs
  2 bats
  5 endoplasms
  A giant cockroach (D:1)
  6 goblins
  7 hobgoblins
  8 jackals
  A quokka (D:3)
  A ball python zombie (D:3)
  2 frilled lizards
  5 kobolds
  A quokka skeleton (D:3)
  4 rats
54 creatures vanquished.

Notes
Turn   | Place    | Note
-------+----------+-------------------------------------------
     0 | D:1      | bjtr the Formicid Arcane Marksman began the quest for the
                  | Orb.
     0 | D:1      | Reached XP level 1. HP: 15/15 MP: 2/2
   124 | D:1      | Found Viskuziss's Magic Scroll Shop.
   181 | D:1      | Reached skill level 4 in Hexes
   181 | D:1      | Reached XP level 2. HP: 6/21 MP: 1/3
  1412 | D:2      | Found a glowing silver altar of Zin.
  1533 | D:2      | Reached XP level 3. HP: 26/26 MP: 2/4
  2221 | D:2      | Reached XP level 4. HP: 28/32 MP: 3/6
  2261 | D:2      | You fall into a shaft and drop 1 floor!
  2435 | D:3      | Reached skill level 5 in Hexes
  2670 | D:3      | Reached XP level 5. HP: 36/37 MP: 6/8
  3232 | D:3      | Noticed Ijyb
  3362 | D:3      | Killed from afar by Ijyb

Illustrated notes

Levels and vault maps discovered:
D:1:      nicolae_arrival_washed_ashore, layout_basic, serial_shops,
          nicolae_shop_advertising_works [nicolae_subvault_shop_adworks],
          hangedman_decor_lopped
D:2:      layout_basic, ebering_ecumenical_altar_hall, basic_altar,
          minivault_26, minmay_split_cup_small
D:3:      cheibrodos_greedy_goblins, layout_loops_ring, serial_undead,
          serial_undead_d, serial_undead_a, serial_undead_f, serial_undead_a,
          st_stairs_8, uniq_crazy_yiuf_cottage, uniq_jessica, uniq_ijyb

Skill      XL: |  1  2  3  4  5 |
---------------+----------------+-----
Hexes          | 4 5 |  5.2
Spellcasting   | 2 |  2.3
Crossbows      | 3 |  3.1
Fighting       | |  1.7
Dodging        | |  1.7

Action                   |  1- 3 |  4- 6 || total
-------------------------+-------+-------++-------
Melee: Falchion          |    78 |    94 ||   172
 Fire: Hand crossbow     |    24 |    32 ||    56
 Cast: Slow              |    22 |    33 ||    55
 Abil: Dig               |       |     3 ||     3
  Use: Scroll            |     1 |       ||     1
Armor: Robe              |     6 |       ||     6
       Ring mail         |    17 |    38 ||    55
Dodge: Dodged            |    44 |    48 ||    92
       Repelled          |       |     3 ||     3

Table legend: (Time is in decaauts)
 A = Elapsed time spent in this place.
 B = Non-inter-level travel time spent in this place.
 C = Inter-level travel time spent in this place.
 D = Time resting spent in this place.
 E = Time spent auto-exploring this place.
 F = Levels seen in this place.
 G = Mean time per level.
                   A        B        C        D        E       F      G
               +--------+--------+--------+--------+--------+-----+--------+
         Total |   3428 |   3390 |     38 |    970 |   1574 |   3 | 1142.7 |
       Dungeon |   3428 |   3390 |     38 |    970 |   1574 |   3 | 1142.7 |
               +--------+--------+--------+--------+--------+-----+--------+

Top non-repeatable levels by time:
     D:1: 1408 daAuts
     D:3: 1140 daAuts
     D:2: 879 daAuts
